Map: Eternal Empire LE

Players

DisK - Winner!

  • Race: Protoss Protoss
  • League: Grandmaster
  • Spawn Location: 7:00

MCanning

  • Race: Protoss Protoss
  • Spawn Location: 1:00

Event: DreamHack SC2 Masters 2020 Fall

VOD

Have the link to the VOD?

Description

Time

  • Played on: Sept. 4, 2020, 4:33 p.m.
  • Length: 16:00

All games in this series

Show
View Real Time Build Order
Export as new Build Order

DisK Protoss - Winner!

Build Orders:  

Get SALT Encoding   

  12  0:00  Probe  
  13  0:12  Probe  
  14  0:17  Pylon  
  14  0:24  Probe (Chrono Boost)  
  15  0:35  Gateway  
  15  0:38  Probe (Chrono Boost)  
  16  0:46  Probe (Chrono Boost)  
  16  0:47  Assimilator  
  17  0:52  Probe  
  17  0:55  Assimilator  
  18  1:05  Probe (Chrono Boost)  
  18  1:10  Gateway  
  19  1:14  Probe (Chrono Boost)  
  20  1:23  Cybernetics Core  
  20  1:26  Probe  
  21  1:37  Pylon  
  21  1:38  Probe  
  22  1:50  Probe  
  23  1:59  Warp Gate (Chrono Boost)  
  23  2:00  Stalker x2  
  27  2:02  Probe  
  28  2:14  Pylon, Probe  
  29  2:21  Unknown  
  29  2:30  Stalker  
  29  2:32  Stalker  
  29  2:36  Probe  
  34  2:58  Probe  
  35  3:05  Stalker x2  
  39  3:11  Pylon  
  39  3:22  Pylon  
  39  3:29  Nexus  
  39  3:34  Shield Battery  
  39  3:43  Shield Battery  
  39  3:47  Stalker  
  41  3:52  Stalker  
  41  4:06  Probe  
  40  4:12  Robotics Facility  
  40  4:17  Stalker x2  
  44  4:29  Probe (Chrono Boost)  
  45  4:37  Forge  
  45  4:38  Probe (Chrono Boost)  
  46  4:43  Probe (Chrono Boost)  
  46  4:44  Stalker  
  49  4:55  Stalker  
  49  4:56  Probe (Chrono Boost)  
  50  5:03  Probe (Chrono Boost)  
  50  5:05  Observer  
  53  5:08  Probe (Chrono Boost)  
  53  5:11  Sentry  
  53  5:12  Probe (Chrono Boost)  
  53  5:14  Shield Battery, Probe (Chrono Boost)  
  56  5:17  Probe (Chrono Boost)  
  56  5:26  Probe  
  56  5:27  Warp Prism (Chrono Boost)  
  53  5:29  Probe  
  53  5:31  Protoss Ground Weapons Level 1  
  56  5:40  Adept x2  
  60  5:43  Probe (Chrono Boost)  
  60  5:45  Probe (Chrono Boost)  
  60  5:48  Twilight Council  
  62  5:54  Assimilator  
  62  5:56  Pylon  
  63  6:00  Probe x2 (Chrono Boost)  
  64  6:05  Immortal  
  64  6:08  Probe  
  64  6:09  Probe  
  70  6:12  Assimilator  
  70  6:22  Probe  
  70  6:25  Blink (Chrono Boost)  
  69  6:28  Adept x2  
  71  6:33  Gateway  
  71  6:34  Gateway  
  71  6:37  Probe x2  
  73  6:49  Probe  
  72  6:55  Pylon  
  72  6:56  Gateway  
  72  6:59  Gateway  
  72  7:03  Pylon  
  72  7:09  Nexus  
  72  7:13  Pylon  
  72  7:21  Stalker x2  
  76  7:30  Stalker x2  
  76  7:36  Gateway  
  80  7:38  Gateway  
  80  7:47  Stalker x2  
  84  7:53  Stalker x2  
  84  7:55  Stalker  
  90  7:59  Adept  
  92  8:17  Pylon  
  92  8:25  Stalker x2  
  92  8:26  Stalker x4  
  100  8:34  Probe x3  
  103  8:46  Probe x3  
  106  8:48  Robotics Bay  
  106  8:50  Pylon  
  106  8:51  Stalker  
  108  9:02  Probe x2  
  110  9:07  Pylon  
  110  9:08  Robotics Facility  
  100  9:21  Stalker x5  
  100  9:23  Pylon  
  108  9:28  Protoss Ground Weapons Level 2 (Chrono Boost)  
  102  9:39  Probe  
  102  9:40  Probe  
  102  9:41  Assimilator  
  102  9:42  Assimilator, Photon Cannon  
  104  9:52  Probe x3  
  105  9:53  Disruptor (Chrono Boost)  
  105  9:58  Charge  
  105  9:59  Disruptor (Chrono Boost)  
  111  10:02  Photon Cannon  
  111  10:04  Photon Cannon  
  110  10:09  Probe x2  
  110  10:12  Pylon  
  112  10:18  Stalker x4  
  118  10:26  Dark Shrine  
  118  10:27  Pylon  
  116  10:31  Disruptor (Chrono Boost)  
  118  10:38  Disruptor (Chrono Boost)  
  118  10:50  Zealot x6  
  128  11:02  Observer (Chrono Boost)  
  123  11:10  Stalker x3  
  123  11:12  Pylon, Stalker x3  
  129  11:19  Disruptor, Observer  
  133  11:26  Shield Battery  
  133  11:31  Nexus  
  133  11:33  Pylon  
  133  11:36  Probe x2  
  135  11:41  Stalker x2  
  135  11:42  Stalker  
  141  11:48  Probe x2  
  141  11:54  Stalker x3  
  145  11:59  Pylon  
  149  12:02  Disruptor (Chrono Boost)  
  149  12:03  Disruptor (Chrono Boost)  
  149  12:04  Pylon  
  155  12:24  Stalker x7  
  169  12:35  Disruptor (Chrono Boost)  
  172  12:37  Disruptor (Chrono Boost)  
  169  12:55  Stalker x3  
  169  12:56  Stalker x4  
  181  13:07  Pylon x2  
  181  13:08  Pylon  
  179  13:19  Nexus  
  177  13:22  Pylon  
  177  13:24  Stargate  
  177  13:25  Disruptor x2  
  183  13:44  Stalker x6  
  183  13:47  Probe x3  
  198  13:58  Zealot  
  200  14:14  Gravitic Boosters  
  198  14:19  Photon Cannon  
  198  14:22  Shield Battery, Photon Cannon  
  184  14:55  Stalker  
  184  14:56  Stalker x7  
  162  15:38  Stalker  
  162  15:39  Stalker x7  
  160  15:44  Assimilator  
  160  15:45  Gateway  
  160  15:47  Assimilator  
  160  15:48  Gateway  
  164  15:58  Photon Cannon  
  164  16:00  Photon Cannon  
Show
View Real Time Build Order
Export as new Build Order

MCanning Protoss 

Build Orders:  

Get SALT Encoding   

  12  0:00  Probe  
  13  0:12  Probe  
  14  0:18  Pylon  
  14  0:24  Probe  
  15  0:36  Probe (Chrono Boost)  
  15  0:37  Gateway  
  16  0:47  Assimilator, Probe (Chrono Boost)  
  17  0:51  Probe (Chrono Boost)  
  17  0:55  Assimilator  
  18  1:03  Probe (Chrono Boost)  
  19  1:12  Gateway  
  19  1:14  Probe (Chrono Boost)  
  20  1:19  Probe (Chrono Boost)  
  21  1:26  Cybernetics Core  
  21  1:29  Probe  
  22  1:37  Pylon  
  22  1:41  Probe  
  23  1:55  Probe  
  23  2:00  Warp Gate (Chrono Boost)  
  24  2:02  Adept  
  24  2:03  Adept  
  24  2:07  Probe  
  29  2:08  Unknown  
  29  2:09  Unknown  
  29  2:10  Unknown  
  29  2:12  Pylon  
  29  2:18  Pylon  
  29  2:32  Adept  
  29  2:33  Adept  
  33  2:53  Nexus  
  33  3:02  Adept  
  33  3:03  Adept  
  37  3:11  Pylon  
  37  3:12  Probe  
  38  3:24  Probe  
  39  3:28  Shield Battery  
  39  3:36  Probe  
  40  3:42  Adept x2  
  44  3:48  Probe  
  44  3:53  Robotics Facility  
  43  4:00  Probe  
  40  4:10  Stalker  
  40  4:11  Stalker  
  44  4:18  Probe  
  41  4:34  Shield Battery, Stalker x2  
  47  4:42  Immortal (Chrono Boost)  
  49  4:48  Probe x2  
  43  5:00  Probe x2  
  43  5:01  Sentry x2  
  49  5:08  Pylon  
  49  5:12  Probe x2  
  46  5:24  Immortal (Chrono Boost), Probe (Chrono Boost)  
  46  5:25  Probe (Chrono Boost)  
  49  5:28  Sentry  
  49  5:30  Sentry  
  53  5:37  Probe (Chrono Boost)  
  55  5:42  Probe (Chrono Boost)  
  55  5:45  Probe (Chrono Boost)  
  55  5:47  Forge  
  55  5:49  Probe (Chrono Boost)  
  57  5:51  Probe  
  57  5:56  Observer  
  59  6:01  Probe  
  59  6:03  Shield Battery, Probe  
  59  6:04  Pylon  
  61  6:13  Assimilator, Probe  
  61  6:14  Pylon  
  61  6:16  Assimilator  
  61  6:17  Twilight Council  
  62  6:20  Probe  
  62  6:22  Observer  
  62  6:25  Probe  
  62  6:29  Stalker x2  
  66  6:33  Probe  
  66  6:37  Probe  
  68  6:44  Gateway  
  68  6:45  Gateway, Probe (Chrono Boost)  
  69  6:49  Probe (Chrono Boost)  
  68  6:57  Protoss Ground Weapons Level 1, Probe (Chrono Boost)  
  68  7:01  Probe (Chrono Boost)  
  70  7:04  Probe (Chrono Boost)  
  70  7:05  Probe (Chrono Boost)  
  70  7:06  Robotics Bay  
  70  7:08  Blink (Chrono Boost)  
  72  7:10  Pylon  
  72  7:11  Probe  
  73  7:24  Stalker x2  
  77  7:30  Pylon  
  77  7:31  Pylon  
  77  7:41  Probe  
  77  7:43  Probe  
  79  7:48  Nexus  
  79  7:50  Pylon  
  78  7:51  Stalker x2  
  78  7:56  Photon Cannon  
  82  7:59  Disruptor  
  82  8:01  Probe  
  82  8:05  Probe  
  87  8:09  Shield Battery  
  87  8:13  Zealot, Probe (Chrono Boost)  
  87  8:18  Stalker  
  91  8:24  Stalker  
  91  8:25  Probe (Chrono Boost)  
  91  8:33  Disruptor (Chrono Boost)  
  89  8:38  Stalker x2  
  96  8:42  Dark Shrine  
  96  8:46  Stalker  
  96  8:48  Stalker  
  97  9:03  Disruptor  
  97  9:04  Pylon x2  
  100  9:14  Stalker x3  
  102  9:25  Zealot  
  101  9:35  Probe  
  100  9:40  Observer (Chrono Boost)  
  100  9:41  Nexus  
  100  9:44  Pylon  
  101  9:48  Probe  
  101  9:50  Probe  
  99  9:53  Disruptor (Chrono Boost)  
  99  9:55  Robotics Facility  
  102  10:00  Probe  
  102  10:02  Probe  
  102  10:04  Dark Templar  
  102  10:06  Dark Templar  
  108  10:11  Photon Cannon  
  108  10:13  Probe  
  109  10:15  Probe  
  109  10:18  Dark Templar  
  110  10:25  Probe  
  110  10:26  Disruptor  
  112  10:35  Probe  
  113  10:39  Probe  
  113  10:40  Gateway  
  113  10:42  Gateway  
  114  10:43  Stalker  
  114  10:45  Observer  
  117  10:50  Stalker x2  
  119  11:01  Probe  
  119  11:02  Probe  
  116  11:04  Probe  
  116  11:08  Disruptor  
  117  11:14  Probe  
  117  11:16  Probe  
  119  11:19  Assimilator  
  119  11:21  Dark Templar  
  119  11:23  Assimilator, Dark Templar  
  119  11:25  Pylon  
  123  11:26  Charge (Chrono Boost)  
  123  11:33  Zealot  
  123  11:37  Photon Cannon  
  125  11:40  Disruptor  
  125  11:44  Pylon  
  125  11:47  Photon Cannon  
  125  11:49  Shield Battery, Protoss Ground Weapons Level 2 (Chrono Boost)  
  128  12:08  Disruptor  
  127  12:10  Stalker x2  
  132  12:20  Stalker  
  132  12:21  Stalker x2  
  138  12:31  Probe  
  139  12:37  Disruptor  
  142  12:52  Stalker x3  
  142  12:53  Stalker x2  
  142  12:55  Disruptor  
  155  13:12  Shadow Stride (Chrono Boost)  
  152  13:19  Dark Templar  
  150  13:25  Disruptor (Chrono Boost)  
  150  13:27  Nexus  
  153  13:30  Photon Cannon, Pylon  
  153  13:31  Photon Cannon  
  153  13:32  Shield Battery, Photon Cannon  
  153  13:33  Pylon  
  153  13:34  Photon Cannon  
  153  13:35  Dark Templar  
  153  13:36  Photon Cannon  
  153  13:37  Shield Battery  
  153  13:40  Dark Templar  
  155  13:44  Observer (Chrono Boost)  
  155  13:48  Stalker x3  
  162  13:55  Photon Cannon  
  162  13:59  Photon Cannon  
  162  14:01  Shield Battery  
  162  14:06  Photon Cannon  
  162  14:07  Shield Battery  
  162  14:12  Dark Templar  
  162  14:23  Stalker x3  
  168  14:25  Zealot  
  168  14:29  Disruptor  
  173  14:34  Zealot  
  170  14:43  Disruptor  
  139  14:53  Zealot x4  
  133  15:05  Disruptor  
  128  15:14  Zealot x2  

Tags
 
Add a new tag
Caveats
  • Supply blocks, unpowered buildings, or Contaminate may cause inaccurate times.
  • Supply counts are checked every 10 seconds.